 Dungeon Crawl Stone Soup version 0.28.0 (webtiles) character file.

Game seed: 12065621349129771864

136 Findor the Sneak (level 5, -1/30 HPs)
             Began as a Kobold Air Elementalist on Feb 13, 2022.
             Slain by Robin (3 damage)
             ... on level 3 of the Dungeon.
             The game lasted 00:05:42 (4184 turns).

Findor the Sneak (Kobold Air Elementalist)          Turns: 4184, Time: 00:05:42

Health: -1/30      AC:  3    Str:  7    XL:     5   Next: 43%
Magic:  2/8        EV: 14    Int: 16    God:
Gold:   61         SH:  0    Dex: 16    Spells: 7/8 levels left

rFire   . . .      SeeInvis .   a - +0 dagger
rCold   . . .      Faith    .   (no shield)
rNeg    . . .      Spirit   .   c - +0 leather armour
rPois   .          Reflect  .   (no helmet)
rElec   .          Harm     .   (no cloak)
rCorr   .          Rampage  .   (no gloves)
Will    .....                   (no boots)
Stlth   +++.......              (no amulet)
HPRegen 0.10/turn               (no ring)
MPRegen 0.11/turn               (no ring)

@: very slightly contaminated
A: small, no large weapons, nightstalker 3
a: no special abilities


You were on level 3 of the Dungeon.
You visited 1 branch of the dungeon, and saw 3 of its levels.

You collected 61 gold pieces.


Innate Abilities, Weirdness & Mutations

You are small and have problems with some larger weapons.
You are completely attuned to the shadows.


   Skills:
 + Level 2.1 Fighting
 * Level 4.1 Short Blades
 - Level 2.5 Dodging
 + Level 4.2 Stealth
 - Level 2.2 Spellcasting
 - Level 1.1 Conjurations
 - Level 3.0 Air Magic


You had 7 spell levels left.
You knew the following spells:

 Your Spells              Type           Power      Damage    Failure   Level
a - Shock                 Conj/Air       32%        1d5       13%         1

Your spell library contained the following spells:

 Spells                   Type           Power      Damage    Failure   Level
 Static Discharge         Conj/Air       8%         N/A       19%         2
 Swiftness                Air            11%        N/A       26%         3
 Airstrike                Air            5%         N/A       65%         4
 Gell's Gravitas          Tloc           1%         N/A       67%         3
 Lesser Beckoning         Tloc           1%         N/A       67%         3
 Teleport Other           Tloc           1%         N/A       67%         3

Inventory:

Hand Weapons
 a - a +0 dagger (weapon)
   (You took it off a goblin on level 1 of the Dungeon)
 b - a +0 hunting sling of freezing
   (You found it on level 1 of the Dungeon)
 k - a +0 short sword
   (You took it off a kobold on level 3 of the Dungeon)
Missiles
 e - 14 sling bullets
Armour
 c - a +0 leather armour (worn)
   (You found it on level 1 of the Dungeon)
 d - a +0 robe
 f - a +0 chain mail
   (You found it on level 1 of the Dungeon)
Scrolls
 g - a scroll of magic mapping {unknown}
 i - 4 scrolls of identify {unknown}
 j - 2 scrolls of teleportation {unknown}
Potions
 h - a potion of ambrosia {unknown}
 l - 2 potions of curing {unknown}
 m - a potion of mutation {unknown}


Message History

Robin roars a battlecry!
The goblins go into a battle-frenzy!
Unknown command.
Casting: Shock (safe; 13% risk of failure)
Aiming: Shock (safe; 13% risk of failure)
Press: ? - help, Shift-Dir - straight line The zap hits Robin.
The zap hits the hobgoblin.
The zap misses the hobgoblin.
A goblin comes into view. It is wielding a +0 dagger.
Robin throws the goblin at you!
Casting: Shock (safe; 13% risk of failure)
Aiming: Shock (safe; 13% risk of failure)
Press: ? - help, Shift-Dir - straight line You miscast Shock.
You are very lightly contaminated with residual magic.
Nothing appears to happen.
The goblin hits you with a +0 dagger.
Casting: Shock (safe; 13% risk of failure)
Aiming: Shock (safe; 13% risk of failure)
Press: ? - help, Shift-Dir - straight line, f - goblin
Aim: a goblin, wielding a +0 dagger (strong, 60% to hit)
The zap hits the goblin.
The goblin hits you with a +0 dagger.
* * * LOW HITPOINT WARNING * * *
Casting: Shock (safe; 13% risk of failure)
Aiming: Shock (safe; 13% risk of failure)
Press: ? - help, Shift-Dir - straight line, f/p - goblin
Aim: a goblin, wielding a +0 dagger (severely wounded, strong, 60% to hit)
The zap hits the goblin.
You kill the goblin!
Robin hits you with a +3 whip of freezing.
* * * LOW HITPOINT WARNING * * *
Robin freezes you.
* * * LOW HITPOINT WARNING * * *
Unknown command.
Things that are here:
a +0 dagger; a +0 club Unknown command.
Casting: Shock (safe; 13% risk of failure)
Okay, then.
Casting: Shock (safe; 13% risk of failure)
Aiming: Shock (safe; 13% risk of failure)
Press: ? - help, Shift-Dir - straight line, f - Robin
Aim: Robin, wielding a +3 whip of freezing, wearing a +0 animal skin and wearing a +0 helmet (heavily wounded, 77% to hit)
The zap hits Robin.
The zap hits the goblin.
You kill the goblin!
The zap hits the hobgoblin.
You kill the hobgoblin!
A goblin comes into view. It is wielding a +0 club.
Robin hits you with a +3 whip of freezing.
* * * LOW HITPOINT WARNING * * *
Robin freezes you.
You die...

##...###########
#....#...##...##
#...#..#......#.#
#..#....#....#..#
#.#......#..#...# #
.........##....# #.
###########....#
#.g#########..#...#
#g)g@.........#..#
##########.....#.#
##.....## #.....#
#######


You could see Robin and 2 goblins.

Vanquished Creatures
  A bullfrog skeleton (D:3)
  An orc wizard (D:3)
  A dart slug (D:1)
  5 orcs
  4 bats
  5 endoplasms
  7 goblins
  12 hobgoblins
  8 jackals
  3 kobolds
  A quokka (D:2)
  8 ball pythons
  A frilled lizard (D:2)
  3 giant cockroaches
  7 rats
67 creatures vanquished.

Notes
Turn   | Place    | Note
-------+----------+-------------------------------------------
     0 | D:1      | Findor the Kobold Air Elementalist began the quest for the
                  | Orb.
     0 | D:1      | Reached XP level 1. HP: 10/10 MP: 3/3
   420 | D:1      | Reached XP level 2. HP: 15/15 MP: 5/5
   450 | D:1      | Reached skill level 1 in Short Blades
   450 | D:1      | Reached skill level 3 in Stealth
  1063 | D:1      | Reached XP level 3. HP: 20/20 MP: 6/6
  1459 | D:1      | Reached skill level 1 in Fighting
  2534 | D:2      | Reached XP level 4. HP: 25/25 MP: 7/7
  3253 | D:3      | Reached skill level 3 in Short Blades
  3723 | D:3      | Found a faded altar of an unknown god.
  3848 | D:3      | Found a runed translucent gate.
  3848 | D:3      | Found a runed translucent gate.
  3848 | D:3      | Found a runed translucent gate.
  3854 | D:3      | Reached XP level 5. HP: 24/30 MP: 3/8
  4170 | D:3      | Noticed Robin
  4184 | D:3      | HP: 2/30 [Robin (5)]
  4184 | D:3      | Slain by Robin

Levels and vault maps discovered:
D:1:      dpeg_arrival_brainrot, layout_basic
D:2:      minmay_wonky_spiral, layout_basic
D:3:      layout_rooms, ebering_ghost_rock_garden,
          shapermc_ecumenical_altar_mp_vishouse, hangedman_decor_slide_cut,
          uniq_robin

Action                   |  1- 3 |  4- 6 || total
-------------------------+-------+-------++-------
Melee: Unarmed           |     3 |       ||     3
       Dagger            |    98 |    31 ||   129
       Punch             |     1 |       ||     1
 Cast: Shock             |    45 |    57 ||   102
 Stab: Sleeping          |    19 |     9 ||    28
Armor: Leather armour    |    21 |     7 ||    28
Dodge: Dodged            |   100 |    57 ||   157
